 Dungeon Crawl Stone Soup version 0.28.0-47-ge53b351184 (webtiles) character file.

Game seed: 7987307365243717100

291 issech the Cudgeller (level 6, -5/61 HPs)
             Began as a Troll Monk on Apr 26, 2022.
             Killed by divine providence
             ... invoked by an orc priest
              (12 damage)
             ... on level 3 of the Dungeon.
             The game lasted 00:09:46 (2702 turns).

issech the Cudgeller (Troll Monk)                   Turns: 2702, Time: 00:09:47

Health: -5/61      AC:  4    Str: 20    XL:     6   Next: 10%
Magic:  5/5        EV: 11    Int: 12    God:
Gold:   102        SH:  0    Dex: 14    Spells: 5/5 levels left

rFire   . . .      SeeInvis .   w - +0 flail
rCold   . . .      Faith    .   u - orb {guile}
rNeg    . . .      Spirit   .   b - +0 robe
rPois   .          Reflect  .   (helmet restricted)
rElec   .          Harm     .   (no cloak)
rCorr   .          Rampage  .   (gloves unavailable)
Will    .....                   (boots unavailable)
Stlth   ++........              (no amulet)
HPRegen 1.00/turn               v - +6 ring of intelligence
MPRegen 0.09/turn               (no ring)

@: no status effects
A: large, unfitting armour, claws 3, regeneration 1, shaggy fur 1, tough skin 1
a: no special abilities


You were on level 3 of the Dungeon.
You visited 1 branch of the dungeon, and saw 3 of its levels.

You collected 102 gold pieces.

Inventory:

Hand Weapons
 a - a +0 mace
 p - a +1 dagger of electrocution
 w - a +0 flail (weapon)
Missiles
 i - 7 bolts
 l - 37 stones (quivered)
 m - 102 arrows
 o - 12 poisoned darts
 r - a boomerang
Armour
 b - a +0 robe (worn)
 u - an orb of guile (worn)
Jewellery
 v - a +6 ring of intelligence (left claw)
Scrolls
 d - a scroll of enchant armour {unknown}
 e - 5 scrolls of identify {unknown}
 f - a scroll of vulnerability {unknown}
 g - a scroll of noise {unknown}
 h - a scroll of silence {unknown}
 j - 2 scrolls of fear {unknown}
 t - 2 scrolls of teleportation {unknown}
Potions
 c - a potion of heal wounds {unknown}
 k - a potion of might {unknown}
 n - a potion of invisibility {unknown}
 q - a potion of magic {unknown}
 s - a potion of brilliance {unknown}


   Skills:
 + Level 3.4 Fighting
 + Level 1.0 Short Blades
 + Level 4.0 Maces & Flails
 + Level 0.2 Throwing
 + Level 3.8 Dodging
 + Level 1.3 Stealth


You had 5 spell levels left.
You didn't know any spells.
Your spell library contained the following spells:

 Spells                   Type           Power      Damage    Failure   Level
 Apportation              Tloc           0%         N/A       32%         1
 Corpse Rot               Necr/Air       0%         N/A       45%         2
 Poisonous Vapours        Pois/Air       0%         N/A       45%         2
 Alistair's Intoxication  Tmut/Pois      0%         N/A       100%        5


Dungeon Overview and Level Annotations

Branches:
Dungeon (3/15)

Altars:

Shops:
D:3 (([(


Innate Abilities, Weirdness & Mutations

You are too large for most types of armour.
You have claws for hands.
Your natural rate of healing is unusually fast.
You are covered in fur. (AC +1)
You have tough skin. (AC +1)


Message History

The orc priest misses you.
You closely miss the orc priest.
The orc priest is severely wounded.
The orc barely misses you. The orc closely misses you.
The orc priest hits you with a +0 dagger.
You barely miss the orc priest.
The orc priest is severely wounded.
The orc hits you from afar with a +0 trident.
* * * LOW HITPOINT WARNING * * *
The orc priest hits you with a +0 dagger.
* * * LOW HITPOINT WARNING * * *
The orc priest barely misses you. The orc barely misses you.
You closely miss the orc priest.
The orc priest is severely wounded.
The orc hits you from afar with a +0 trident.
* * * LOW HITPOINT WARNING * * *
The orc priest hits you but does no damage.
The orc priest hits you with a +0 whip.
* * * LOW HITPOINT WARNING * * *
The orc hits you with a +0 mace.
* * * LOW HITPOINT WARNING * * *
The orc misses you.
You closely miss the orc priest.
The orc priest is severely wounded.
The orc priest hits you but does no damage.
The orc priest looks encouraged for a moment.
The orc hits you with a +0 mace.
* * * LOW HITPOINT WARNING * * *
The orc closely misses you.
You completely miss the orc priest.
The orc priest is severely wounded.
The orc priest closely misses you.
The orc priest looks satisfied for a moment.
The orc closely misses you. The orc barely misses you.
The orc priest misses you.
You closely miss the orc priest.
The orc priest is severely wounded.
The orc priest mumbles some strange prayers to Beogh against you.
Beogh smites you!
You die...

#....# ##...###### ##### #####
#.)<##..)## ##...## ##...## #
#.)##.....###.....###.....## #
##..#[..[...#.......#.......# #
)...#.......#.......#.......# #
###.#.......#.......#.......# #
###.##.....###.....###.....## #
.....##...## ##o@o## ##...## #
####..##)#######o#######'#### #
...............ogo..........#####
#####............................
#####.......................#####
......##'#######'#######'##..)...
#######...## ... ##..†#######
##.....## ..(.. ##.....##
#.......#.......#.......#


You could see 2 orc priests, 3 orcs and a hobgoblin.

Vanquished Creatures
  An ice beast (D:3)
  An orc wizard (D:2)
  6 adders
  2 worms
  2 dart slugs (D:1)
  10 orcs
  9 endoplasms
  3 giant cockroaches
  8 goblins
  7 hobgoblins
  3 jackals
  6 kobolds
  12 quokkas
  7 ball pythons
  7 bats
  A frilled lizard (D:2)
  9 rats
94 creatures vanquished.

Notes
Turn   | Place    | Note
-------+----------+-------------------------------------------
     0 | D:1      | issech the Troll Monk began the quest for the Orb.
     0 | D:1      | Reached XP level 1. HP: 22/22 MP: 0/0
   118 | D:1      | Reached XP level 2. HP: 28/29 MP: 1/1
   379 | D:1      | Reached skill level 3 in Maces & Flails
   436 | D:1      | Reached XP level 3. HP: 36/36 MP: 2/2
  1226 | D:2      | Reached XP level 4. HP: 31/44 MP: 3/3
  1731 | D:2      | Reached XP level 5. HP: 40/52 MP: 4/4
  2107 | D:3      | Noticed an ice beast
  2130 | D:3      | Killed an ice beast
  2227 | D:3      | Found Ajassa's Antique Weapon Boutique.
  2242 | D:3      | Reached skill level 1 in Short Blades
  2242 | D:3      | Reached XP level 6. HP: 61/61 MP: 5/5
  2299 | D:3      | Reached skill level 4 in Maces & Flails
  2323 | D:3      | Found Quibli Xyoll's Weapon Emporium.
  2335 | D:3      | Found Pioqiodu's Antique Armour Shoppe.
  2526 | D:3      | Found Wuonecw's Weapon Shoppe.
  2702 | D:3      | Killed from afar by an orc priest

Illustrated notes

Levels and vault maps discovered:
D:1:      ncdulo_lavacross, layout_loops_ring
D:2:      minmay_thinvault, layout_rooms, minmay_misc_feat_alley,
          kennysheep_generic_room_15
D:3:      kennysheep_six_static_rooms, layout_basic, serial_shops,
          nicolae_shop_hallway_stairs, nicolae_shop_behind_doors, shop,
          shop_fountains, st_stairs_7

Skill      XL: |  1  2  3  4  5  6 |
---------------+-------------------+-----
Maces & Flails | 3 4 |  4.0
Dodging        | 3 |  3.8
Fighting       | 3 |  3.4
Short Blades   | 1 |  1.0
Throwing       | |  0.2
Stealth        | |  1.3

Action                   |  1- 3 |  4- 6 || total
-------------------------+-------+-------++-------
Melee: Mace              |   158 |    18 ||   176
       Dagger            |       |   180 ||   180
       Punch             |       |     1 ||     1
       Flail             |       |    20 ||    20
Throw: Stone             |       |    26 ||    26
 Stab: Sleeping          |     3 |       ||     3
Armor: Robe              |    73 |    59 ||   132
Dodge: Dodged            |    99 |   128 ||   227
